Canadiens vs Predators
Created - 29 mars 2017 at 23:25
Goals
|
| Canadiens |
0 |
0 |
2 |
0 |
1 |
3 |
| Predators |
1 |
0 |
1 |
0 |
0 |
2 |
|
Shots
|
| Canadiens |
9 |
5 |
14 |
0 |
3 |
28 |
| Predators |
13 |
12 |
8 |
0 |
3 |
33 |
|
1st period
1. Predators , Ryan Kesler 31 (Alexander Ovechkin, Alexander Edler) at 11:35 (SH)
Penalties :
Niclas Bergfors (Nas) for Hooking (Minor) at 3:03, Byron Bitz (Nas) for Hooking (Minor) at 11:24, Dustin Boyd (Mon) for Holding (Minor) at 13:54, Dennis Wideman (Mon) for Interference (Minor) at 14:21
2nd period
No Goal
Penalties :
Stu Bickel (Mon) for Charging (Minor) at 3:06, Brett Clark (Nas) for Slashing (Minor) at 7:28, Jay McKee (Mon) for Interference (Minor) at 8:56, Wade Redden (Mon) for Tripping (Minor) at 18:34
3rd period
2. Canadiens , Wade Redden 1 (Brett Maclean) at 1:02
3. Canadiens , Greg Stewart 20 (Jonas Hoglund) at 3:28
4. Predators , Byron Bitz 25 (Christian Ehrhoff, Alexander Ovechkin) at 3:42
Penalties :
Byron Bitz (Nas) for Boarding (Major) at 11:38
Overtime #1
No Goal
Penalties :
No Penalty
Shootout
Penalty Shot by Patrick Sharp for Canadiens - Shot Misses the Net
Penalty Shot by Alexander Ovechkin for Predators - Shot Misses the Net
Penalty Shot by Devin Setoguchi for Canadiens - Goal!
Penalty Shot by Niclas Bergfors for Predators - Stopped by Jonathan Bernier
Penalty Shot by Greg Stewart for Canadiens - Shot Misses the Net
Penalty Shot by Ryan Kesler for Predators - Shot Misses the Net
Penalties :
No Penalty
Goalie Stats
Jonathan Bernier (Mon), 31 saves from 33 shots - (0,939), W, 24-21-7, 65:00 minutes
Viktor Fasth (Nas), 26 saves from 28 shots - (0,929), OTL, 22-10-3, 65:00 minutes
Players Stats for Canadiens
Player Name G A P +/- PIM S H SB GA TA FO MP PP MP PK MP
------------------------------------------------------------------------------------
Andrei Loktionov 0 0 0 1 0 2 0 0 1 0 6/12 15:56 3:47 0:00
Brett Maclean 0 1 1 1 0 1 2 1 0 0 0/0 13:10 0:00 1:21
David Desharnais 0 0 0 0 0 0 1 0 0 0 0/0 5:35 1:26 0:05
Dennis Wideman 0 0 0 -2 2 3 2 1 0 1 0/0 28:52 6:07 4:09
Devin Setoguchi 0 0 0 -2 0 1 1 0 0 0 1/3 23:34 5:00 3:52
Dustin Boyd 0 0 0 1 2 1 2 0 0 0 4/8 13:55 1:05 0:00
Evgeny Dadonov 0 0 0 0 0 0 1 0 0 0 0/0 6:08 1:10 0:09
Greg Stewart 1 0 1 1 0 7 2 1 0 0 1/1 20:27 3:47 2:26
Jay McKee 0 0 0 2 2 1 1 2 0 0 0/0 22:13 3:32 2:02
Jiri Tlusty 0 0 0 1 0 1 0 0 2 0 0/2 12:37 1:17 0:00
Jonas Hoglund 0 1 1 1 0 1 0 0 0 0 0/0 16:03 3:43 0:00
Ladislav Smid 0 0 0 -2 0 2 1 2 1 1 0/0 30:02 6:07 4:31
Martin Hanzal 0 0 0 0 0 0 1 0 0 0 0/2 4:09 0:00 0:00
Patrick Sharp 0 0 0 -2 0 3 4 1 0 0 7/16 26:48 5:00 4:27
Stu Bickel 0 0 0 0 2 0 1 1 0 0 0/0 12:39 0:47 0:00
Tomas Plekanec 0 0 0 -2 0 2 1 0 1 0 12/21 20:56 5:00 1:52
Torey Krug 0 0 0 0 0 0 0 4 0 0 0/0 15:09 0:45 2:19
Wade Redden 1 0 1 2 2 3 1 1 2 1 0/0 21:47 3:31 2:42
Players Stats for Predators
Player Name G A P +/- PIM S H SB GA TA FO MP PP MP PK MP
------------------------------------------------------------------------------------
Alexander Edler 0 1 1 -1 0 0 2 4 0 1 0/0 29:09 2:14 6:00
Alexander Ovechkin 0 2 2 2 0 4 2 1 2 2 2/5 25:31 4:09 5:35
Alexander Steen 0 0 0 0 0 4 0 1 0 0 0/0 19:07 3:43 2:14
Andy Miele 0 0 0 -1 0 0 0 1 0 0 3/6 13:10 0:00 3:07
Blake Geoffrion 0 0 0 -1 0 1 0 0 0 0 0/0 7:11 0:00 0:09
Bobby Sanguinetti 0 0 0 0 0 1 0 0 0 0 0/0 17:32 2:28 0:34
Brett Clark 0 0 0 0 2 2 2 1 0 0 0/0 14:29 0:07 3:20
Byron Bitz 1 0 1 1 7 4 2 0 0 1 1/1 20:50 5:09 0:58
Chris Lawrence 0 0 0 -1 0 0 1 0 0 0 0/0 9:00 0:00 0:00
Christian Ehrhoff 0 1 1 1 0 0 0 2 0 1 0/0 19:37 5:24 1:05
David Jones 0 0 0 -1 0 1 1 0 0 0 1/1 7:01 0:00 0:00
James Van Riemsdyk 0 0 0 -1 0 3 2 0 1 0 0/0 9:49 0:00 1:29
John Moore 0 0 0 1 0 1 0 1 0 0 0/0 19:03 0:14 3:51
Kris Vernarsky 0 0 0 -1 0 0 2 0 0 0 2/2 7:35 0:00 0:25
Mikael Granlund 0 0 0 0 0 1 2 0 0 0 1/10 16:49 2:36 1:19
Niclas Bergfors 0 0 0 0 2 1 4 0 0 2 0/0 18:07 2:43 0:00
Ryan Kesler 1 0 1 2 0 10 2 0 0 0 24/40 24:44 5:09 5:34
Ryan Mcdonagh 0 0 0 -1 0 0 3 2 0 0 0/0 30:16 5:24 6:00
3 Stars
1 - Alexander Ovechkin (Nas)
2 - Ryan Kesler (Nas)
3 - Greg Stewart (Mon)
Power Play
Canadiens - 0 on 4 Attempt(s) - 0,00%
Predators - 0 on 5 Attempt(s) - 0,00%
Penalty Kill
Canadiens - 5 on 5 Attempt(s) - 100,00%
- Score 0 goal in Penalty Kill
Predators - 4 on 4 Attempt(s) - 100,00%
- Score 1 goal in Penalty Kill
Team Stat
Canadiens - Hits : 21 - Faceoff Wins : 31 - Blocked Shots : 14 - Penalty Minutes : 10
Predators - Hits : 25 - Faceoff Wins : 34 - Blocked Shots : 13 - Penalty Minutes : 11
Official
Referees : Devorski Paul and VanMassenhoven Don
Linesman : Scott Driscoll and Steve Miller
Game Notes
No Game Note
Finance
Level 1 -- Attendance: 5565 (92,75%) -- Ticket Income 473 025 $
Level 2 -- Attendance: 4167 (83,34%) -- Ticket Income 208 350 $
Level 3 -- Attendance: 1978 (98,90%) -- Ticket Income 59 340 $
Level 4 -- Attendance: 2756 (68,90%) -- Ticket Income 66 144 $
Luxury Box -- Attendance: 657 (65,70%) -- Ticket Income 114 975 $
Game was played at the Wildcat center.
Total Attendance: 15123 (84,02%)
Total Ticket Income: 921 834 $
Other Income: 138 275 $
Total Income: 1 060 109 $
Canadiens
5 vs 5 Forward
Center Left Wing Right Wing Time % Phy DF OF
1 Tomas Plekanec Patrick Sharp Devin Setoguchi 40 1 2 2
2 Andrei Loktionov Greg Stewart Jonas Hoglund 30 1 2 2
3 Dustin Boyd Brett Maclean Jiri Tlusty 20 1 2 2
4 Martin Hanzal Evgeny Dadonov Patrick Sharp 10 1 2 2
5 vs 5 Defense
Defense Defense Time % Phy DF OF
1 Dennis Wideman Ladislav Smid 40 1 2 2
2 Wade Redden Jay McKee 30 1 2 2
3 Stu Bickel Torey Krug 20 1 2 2
4 Dennis Wideman Ladislav Smid 10 1 2 2
PowerPlay Forward
Center Left Wing Right Wing Time % Phy DF OF
1 Tomas Plekanec Patrick Sharp Devin Setoguchi 60 1 2 2
2 Andrei Loktionov Greg Stewart Jonas Hoglund 40 1 2 2
PowerPlay Defense
Defense Defense Time % Phy DF OF
1 Dennis Wideman Ladislav Smid 60 1 2 2
2 Wade Redden Jay McKee 40 1 2 2
Penalty Kill 4 Players Forward
Center Wing Time % Phy DF OF
1 Patrick Sharp Devin Setoguchi 60 1 2 2
2 Greg Stewart Tomas Plekanec 40 1 2 2
Penalty Kill 4 Players Defense
Defense Defense Time % Phy DF OF
1 Dennis Wideman Ladislav Smid 60 1 2 2
2 Wade Redden Jay McKee 40 1 2 2
Penalty Kill - 3 Players Forward
Forward Time % Phy DF OF
1 Patrick Sharp 60 1 2 2
2 Devin Setoguchi 40 1 2 2
Penalty Kill - 3 Players Defense
Defense Defense Time % Phy DF OF
1 Dennis Wideman Ladislav Smid 60 1 2 2
2 Wade Redden Jay McKee 40 1 2 2
4 vs 4 Forward
Center Wing Time % Phy DF OF
1 Patrick Sharp Devin Setoguchi 60 1 2 2
2 Greg Stewart Tomas Plekanec 40 1 2 2
4 vs 4 Defense
Defense Defense Time % Phy DF OF
1 Dennis Wideman Ladislav Smid 60 1 2 2
2 Wade Redden Jay McKee 40 1 2 2
Last Minutes Offensive
Center Left Wing Right Wing Defense Defense
Tomas Plekanec Patrick Sharp Devin Setoguchi Dennis Wideman Ladislav Smid
Last Minutes Defensive
Center Left Wing Right Wing Defense Defense
Tomas Plekanec Patrick Sharp Devin Setoguchi Dennis Wideman Ladislav Smid
Goaltenders
Starting : Jonathan Bernier
Backup : Tobias Stephan
Extra Forwards
Normal : David Desharnais, Dustin Boyd, Brett Maclean - PP : David Desharnais, Dustin Boyd - PK : Brett Maclean
Extra Defensemen
Normal : Stu Bickel, Torey Krug, Wade Redden - PP : Stu Bickel - PK : Torey Krug, Wade Redden
Penalty Shots
Patrick Sharp, Devin Setoguchi, Greg Stewart, Tomas Plekanec, Jonas Hoglund
Predators
5 vs 5 Forward
Center Left Wing Right Wing Time % Phy DF OF
1 Ryan Kesler Alexander Ovechkin Byron Bitz 40 1 1 3
2 Mikael Granlund Alexander Steen Niclas Bergfors 30 1 2 2
3 Andy Miele James Van Riemsdyk Chris Lawrence 20 1 2 2
4 Kris Vernarsky Blake Geoffrion David Jones 10 1 2 2
5 vs 5 Defense
Defense Defense Time % Phy DF OF
1 Alexander Edler Ryan Mcdonagh 40 1 2 2
2 Christian Ehrhoff John Moore 30 1 2 2
3 Bobby Sanguinetti Brett Clark 20 1 2 2
4 Bobby Sanguinetti Alexander Edler 10 1 2 2
PowerPlay Forward
Center Left Wing Right Wing Time % Phy DF OF
1 Ryan Kesler Alexander Ovechkin Byron Bitz 60 1 0 4
2 Mikael Granlund Alexander Steen Niclas Bergfors 40 1 0 4
PowerPlay Defense
Defense Defense Time % Phy DF OF
1 Christian Ehrhoff Ryan Mcdonagh 60 1 1 3
2 Bobby Sanguinetti Alexander Edler 40 0 1 4
Penalty Kill 4 Players Forward
Center Wing Time % Phy DF OF
1 Ryan Kesler Alexander Ovechkin 60 1 2 2
2 Andy Miele Byron Bitz 40 1 2 2
Penalty Kill 4 Players Defense
Defense Defense Time % Phy DF OF
1 Alexander Edler Ryan Mcdonagh 60 1 1 3
2 Brett Clark John Moore 40 1 1 3
Penalty Kill - 3 Players Forward
Forward Time % Phy DF OF
1 Byron Bitz 60 2 3 0
2 Alexander Ovechkin 40 1 3 1
Penalty Kill - 3 Players Defense
Defense Defense Time % Phy DF OF
1 Alexander Edler Ryan Mcdonagh 60 1 1 3
2 Brett Clark John Moore 40 1 1 3
4 vs 4 Forward
Center Wing Time % Phy DF OF
1 Alexander Ovechkin Niclas Bergfors 60 1 2 2
2 Ryan Kesler Byron Bitz 40 1 2 2
4 vs 4 Defense
Defense Defense Time % Phy DF OF
1 Alexander Edler Ryan Mcdonagh 60 1 2 2
2 Bobby Sanguinetti John Moore 40 1 2 2
Last Minutes Offensive
Center Left Wing Right Wing Defense Defense
Ryan Kesler Alexander Ovechkin Niclas Bergfors Alexander Edler Ryan Mcdonagh
Last Minutes Defensive
Center Left Wing Right Wing Defense Defense
Kris Vernarsky Alexander Ovechkin Byron Bitz Ryan Mcdonagh Brett Clark
Goaltenders
Starting : Viktor Fasth
Backup : Chad Johnson
Extra Forwards
Normal : Alexander Ovechkin, Byron Bitz, Andy Miele - PP : Alexander Ovechkin, Ryan Kesler - PK : Andy Miele
Extra Defensemen
Normal : Alexander Edler, Ryan Mcdonagh, John Moore - PP : Alexander Edler - PK : John Moore, Christian Ehrhoff
Penalty Shots
Alexander Ovechkin, Niclas Bergfors, Ryan Kesler, Andy Miele, Alexander Steen
% Time on Ice - Canadiens
Lines # - Real PCT - Wanted PCT - Time Play
Normal Forward
1 - 30% - 40% - 12:14
2 - 35% - 30% - 14:25
3 - 25% - 20% - 10:24
4 - 10% - 10% - 4:09
Normal Defense
1 - 42% - 40% - 17:29
2 - 31% - 30% - 12:46
3 - 27% - 20% - 10:56
4 - 0% - 10% - 0:01
PP Forward
1 - 64% - 60% - 6:38
2 - 36% - 40% - 3:47
PP Defense
1 - 66% - 60% - 6:54
2 - 34% - 40% - 3:31
PK Forward
1 - 71% - 60% - 4:28
2 - 29% - 40% - 1:52
PK Defense
1 - 56% - 60% - 3:34
2 - 44% - 40% - 2:46
PK3 Forward
1 - 80% - 60% - 1:14
2 - 20% - 40% - 0:18
PK3 Defense
1 - 85% - 60% - 1:18
2 - 15% - 40% - 0:14
44 Forward
1 - 74% - 60% - 4:06
2 - 26% - 40% - 1:25
44 Defense
1 - 51% - 60% - 2:49
2 - 49% - 40% - 2:42
Last Minute Offensive - 0:00
Last Minute Defensive - 0:00
Total
Forward - 65:00
Defense - 65:00
|
% Time on Ice - Predators
Lines # - Real PCT - Wanted PCT - Time Play
Normal Forward
1 - 32% - 40% - 13:10
2 - 31% - 30% - 12:41
3 - 20% - 20% - 8:20
4 - 17% - 10% - 7:01
Normal Defense
1 - 38% - 40% - 15:38
2 - 33% - 30% - 13:40
3 - 26% - 20% - 10:31
4 - 3% - 10% - 1:23
PP Forward
1 - 67% - 60% - 5:16
2 - 33% - 40% - 2:36
PP Defense
1 - 69% - 60% - 5:24
2 - 31% - 40% - 2:28
PK Forward
1 - 70% - 60% - 7:18
2 - 30% - 40% - 3:07
PK Defense
1 - 58% - 60% - 6:00
2 - 42% - 40% - 4:25
PK3 Forward
1 - 0% - 60%
2 - 0% - 40%
PK3 Defense
1 - 0% - 60%
2 - 0% - 40%
44 Forward
1 - 74% - 60% - 4:05
2 - 26% - 40% - 1:26
44 Defense
1 - 58% - 60% - 3:13
2 - 42% - 40% - 2:18
Last Minute Offensive - 0:00
Last Minute Defensive - 0:00
Total
Forward - 65:00
Defense - 65:00
|
Play by Play
1st period
0:01 of 1st period - Ryan Kesler wins face-off versus Tomas Plekanec in neutral zone.
0:08 of 1st period - Backhand shot by Byron Bitz.
0:08 of 1st period - Deflect By Ladislav Smid.
0:08 of 1st period - Shot Misses the Net.
0:08 of 1st period - Puck is out of play.
0:09 of 1st period - Tomas Plekanec wins face-off versus Ryan Kesler in Canadiens zone.
0:09 of 1st period - Tomas Plekanec is hit by Byron Bitz.
1:15 of 1st period - Wrist shot by Ryan Kesler.
1:15 of 1st period - Shot Hit the Post.
1:25 of 1st period - Slapshot by Dennis Wideman.
1:25 of 1st period - Stopped by Viktor Fasth with a rebound.
1:27 of 1st period - Slapshot by Dennis Wideman.
1:27 of 1st period - Shot Misses the Net.
1:29 of 1st period - Snap shot by Patrick Sharp.
1:29 of 1st period - Shot Misses the Net.
1:31 of 1st period - Slapshot by Ladislav Smid.
1:31 of 1st period - Stopped by Viktor Fasth with a rebound.
1:33 of 1st period - Slapshot by Dennis Wideman.
1:33 of 1st period - Deflect By Byron Bitz.
1:33 of 1st period - Stopped by Viktor Fasth without a rebound.
1:34 of 1st period - Andrei Loktionov wins face-off versus Mikael Granlund in Predators zone.
2:49 of 1st period - Snap shot by Alexander Steen.
2:49 of 1st period - Stopped by Jonathan Bernier without a rebound.
2:50 of 1st period - Dustin Boyd wins face-off versus Mikael Granlund in Canadiens zone.
3:01 of 1st period - Snap shot by Dustin Boyd.
3:01 of 1st period - Shot Misses the Net.
3:03 of 1st period - Minor Penalty to Niclas Bergfors for Hooking.
3:04 of 1st period - Ryan Kesler wins face-off versus Patrick Sharp in Predators zone.
3:04 of 1st period - Ryan Kesler is hit by Dennis Wideman.
3:20 of 1st period - Snap shot by Patrick Sharp.
3:20 of 1st period - Stopped by Viktor Fasth without a rebound.
3:21 of 1st period - Ryan Kesler wins face-off versus Andrei Loktionov in Predators zone.
3:36 of 1st period - Snap shot by Greg Stewart.
3:36 of 1st period - Shot Blocked by Alexander Ovechkin.
3:48 of 1st period - Ryan Mcdonagh is hit by Patrick Sharp and loses puck.
5:03 of 1st period - Penalty to Niclas Bergfors is over, Niclas Bergfors is back on ice.
5:07 of 1st period - Snap shot by Alexander Steen.
5:07 of 1st period - Shot Blocked by Brett Maclean.
5:09 of 1st period - Snap shot by John Moore.
5:09 of 1st period - Stopped by Jonathan Bernier with a rebound.
5:11 of 1st period - Wrist shot by Brett Clark.
5:11 of 1st period - Stopped by Jonathan Bernier without a rebound.
5:12 of 1st period - Dustin Boyd wins face-off versus Mikael Granlund in Canadiens zone.
5:23 of 1st period - Slapshot by Alexander Steen.
5:23 of 1st period - Stopped by Jonathan Bernier without a rebound.
5:24 of 1st period - Andy Miele wins face-off versus Andrei Loktionov in Canadiens zone.
5:33 of 1st period - Snap shot by Greg Stewart.
5:33 of 1st period - Stopped by Viktor Fasth without a rebound.
5:34 of 1st period - Andrei Loktionov wins face-off versus Andy Miele in Predators zone.
5:49 of 1st period - Snap shot by Greg Stewart.
5:49 of 1st period - Shot Blocked by Alexander Edler.
6:43 of 1st period - Wrist shot by Greg Stewart.
6:43 of 1st period - Stopped by Viktor Fasth without a rebound.
6:44 of 1st period - Patrick Sharp wins face-off versus Mikael Granlund in Predators zone.
6:53 of 1st period - Backhand shot by Devin Setoguchi.
6:53 of 1st period - Shot Misses the Net.
7:01 of 1st period - Ladislav Smid is hit by Niclas Bergfors and loses puck.
7:14 of 1st period - Snap shot by Dustin Boyd.
7:14 of 1st period - Shot Misses the Net.
8:09 of 1st period - Slapshot by Blake Geoffrion.
8:09 of 1st period - Shot Blocked by Torey Krug.
9:51 of 1st period - Snap shot by Greg Stewart.
9:51 of 1st period - Stopped by Viktor Fasth without a rebound.
9:52 of 1st period - Ryan Kesler wins face-off versus Andrei Loktionov in Predators zone.
9:57 of 1st period - Wrist shot by Byron Bitz.
9:57 of 1st period - Stopped by Jonathan Bernier with a rebound.
9:59 of 1st period - Snap shot by Alexander Ovechkin.
9:59 of 1st period - Shot Blocked by Greg Stewart.
10:01 of 1st period - Wrist shot by Brett Clark.
10:01 of 1st period - Stopped by Jonathan Bernier with a rebound.
10:03 of 1st period - Wrist shot by Byron Bitz.
10:03 of 1st period - Stopped by Jonathan Bernier with a rebound.
10:05 of 1st period - Snap shot by Ryan Kesler.
10:05 of 1st period - Stopped by Jonathan Bernier with a rebound.
10:07 of 1st period - Snap shot by Ryan Kesler.
10:07 of 1st period - Stopped by Jonathan Bernier with a rebound.
11:04 of 1st period - Kris Vernarsky is hit by Dennis Wideman and loses puck.
11:11 of 1st period - Alexander Edler is hit by Brett Maclean and loses puck.
11:21 of 1st period - Icing by Dustin Boyd.
11:22 of 1st period - Ryan Kesler wins face-off versus Andrei Loktionov in Canadiens zone.
11:24 of 1st period - Minor Penalty to Byron Bitz for Hooking.
11:25 of 1st period - Ryan Kesler wins face-off versus Tomas Plekanec in Predators zone.
11:33 of 1st period - Slapshot by Alexander Ovechkin.
11:33 of 1st period - Stopped by Jonathan Bernier with a rebound.
11:35 of 1st period - Snap shot by Ryan Kesler.
11:35 of 1st period - Goal by Ryan Kesler - Canadiens : 0 - Predators : 1.
11:36 of 1st period - Ryan Kesler wins face-off versus Tomas Plekanec in neutral zone.
13:01 of 1st period - Alexander Edler is hit by Patrick Sharp and loses puck.
13:24 of 1st period - Penalty to Byron Bitz is over, Byron Bitz is back on ice.
13:32 of 1st period - Snap shot by Brett Maclean.
13:32 of 1st period - Deflect By Dustin Boyd.
13:32 of 1st period - Shot Misses the Net.
13:32 of 1st period - Puck is out of play.
13:33 of 1st period - Kris Vernarsky wins face-off versus Jiri Tlusty in Predators zone.
13:33 of 1st period - Kris Vernarsky is hit by Stu Bickel.
13:54 of 1st period - Minor Penalty to Dustin Boyd for Holding.
13:55 of 1st period - Ryan Kesler wins face-off versus Patrick Sharp in Canadiens zone.
14:21 of 1st period - Minor Penalty to Dennis Wideman for Interference.
14:22 of 1st period - Patrick Sharp wins face-off versus Ryan Kesler in Canadiens zone.
14:30 of 1st period - Off-side.
14:31 of 1st period - Patrick Sharp wins face-off versus Ryan Kesler in neutral zone.
14:36 of 1st period - Snap shot by Alexander Ovechkin.
14:36 of 1st period - Shot Blocked by Ladislav Smid.
14:55 of 1st period - Snap shot by Alexander Ovechkin.
14:55 of 1st period - Stopped by Jonathan Bernier without a rebound.
14:56 of 1st period - Patrick Sharp wins face-off versus Mikael Granlund in Canadiens zone.
15:13 of 1st period - Ladislav Smid is hit by Mikael Granlund and loses puck.
15:46 of 1st period - Patrick Sharp is hit by Mikael Granlund and loses puck.
15:54 of 1st period - Penalty to Dustin Boyd is over, Dustin Boyd is back on ice.
16:21 of 1st period - Penalty to Dennis Wideman is over, Dennis Wideman is back on ice.
16:41 of 1st period - Snap shot by Blake Geoffrion.
16:41 of 1st period - Stopped by Jonathan Bernier without a rebound.
16:42 of 1st period - David Jones wins face-off versus Dustin Boyd in Canadiens zone.
17:04 of 1st period - Brett Maclean is hit by Brett Clark and loses puck.
17:11 of 1st period - Slapshot by Kris Vernarsky.
17:11 of 1st period - Shot Blocked by Torey Krug.
17:13 of 1st period - Snap shot by Blake Geoffrion.
17:13 of 1st period - Shot Blocked by Stu Bickel.
17:15 of 1st period - Slapshot by Kris Vernarsky.
17:15 of 1st period - Deflect By Blake Geoffrion.
17:15 of 1st period - Shot Blocked by Torey Krug.
17:15 of 1st period - Puck is out of play.
17:16 of 1st period - Patrick Sharp wins face-off versus Ryan Kesler in Canadiens zone.
17:48 of 1st period - Slapshot by Ladislav Smid.
17:48 of 1st period - Deflect By Greg Stewart.
17:48 of 1st period - Stopped by Viktor Fasth with a rebound.
17:50 of 1st period - Snap shot by Andrei Loktionov.
17:50 of 1st period - Shot Blocked by Christian Ehrhoff.
18:04 of 1st period - John Moore is hit by Brett Maclean and loses puck.
18:17 of 1st period - Jiri Tlusty is hit by James Van Riemsdyk and loses puck.
18:28 of 1st period - Wrist shot by Alexander Ovechkin.
18:28 of 1st period - Shot Misses the Net.
19:12 of 1st period - Wrist shot by Greg Stewart.
19:12 of 1st period - Shot Misses the Net.
19:14 of 1st period - Slapshot by Jay McKee.
19:14 of 1st period - Shot Misses the Net.
19:16 of 1st period - Snap shot by Wade Redden.
19:16 of 1st period - Shot Misses the Net.
19:18 of 1st period - Wrist shot by Greg Stewart.
19:18 of 1st period - Stopped by Viktor Fasth without a rebound.
19:19 of 1st period - Andrei Loktionov wins face-off versus Ryan Kesler in Predators zone.
19:44 of 1st period - Ryan Mcdonagh is hit by Tomas Plekanec and loses puck.
Goals for this period are 0 for Canadiens vs 1 for Predators.
Shots for this period are 9 for Canadiens vs 13 for Predators.
2nd period
0:01 of 2nd period - Tomas Plekanec wins face-off versus Ryan Kesler in neutral zone.
0:10 of 2nd period - Icing by Ryan Kesler.
0:11 of 2nd period - Tomas Plekanec wins face-off versus Ryan Kesler in Predators zone.
0:12 of 2nd period - Slapshot by Patrick Sharp.
0:12 of 2nd period - Shot Blocked by Ryan Mcdonagh.
0:14 of 2nd period - Slapshot by Jay McKee.
0:14 of 2nd period - Stopped by Viktor Fasth without a rebound.
0:15 of 2nd period - Tomas Plekanec wins face-off versus Ryan Kesler in Predators zone.
0:40 of 2nd period - Jonas Hoglund is hit by Niclas Bergfors and loses puck.
0:49 of 2nd period - Snap shot by Niclas Bergfors.
0:49 of 2nd period - Stopped by Jonathan Bernier with a rebound.
0:59 of 2nd period - Slapshot by Wade Redden.
0:59 of 2nd period - Stopped by Viktor Fasth without a rebound.
1:00 of 2nd period - Dustin Boyd wins face-off versus Andy Miele in Predators zone.
1:10 of 2nd period - Icing by Jiri Tlusty.
1:11 of 2nd period - Byron Bitz wins face-off versus Dustin Boyd in Canadiens zone.
1:24 of 2nd period - Jiri Tlusty is hit by Ryan Kesler and loses puck.
2:02 of 2nd period - Slapshot by Greg Stewart.
2:02 of 2nd period - Shot Hit the Post.
2:04 of 2nd period - Snap shot by Jonas Hoglund.
2:04 of 2nd period - Stopped by Viktor Fasth with a rebound.
2:06 of 2nd period - Slapshot by Ladislav Smid.
2:06 of 2nd period - Shot Misses the Net.
2:24 of 2nd period - Off-side.
2:25 of 2nd period - Greg Stewart wins face-off versus Alexander Ovechkin in neutral zone.
3:06 of 2nd period - Minor Penalty to Stu Bickel for Charging.
3:07 of 2nd period - Ryan Kesler wins face-off versus Patrick Sharp in Canadiens zone.
3:38 of 2nd period - Slapshot by Ryan Mcdonagh.
3:38 of 2nd period - Shot Misses the Net.
3:56 of 2nd period - Greg Stewart is hit by Alexander Ovechkin.
5:06 of 2nd period - Penalty to Stu Bickel is over, Stu Bickel is back on ice.
5:07 of 2nd period - Icing by Bobby Sanguinetti.
5:08 of 2nd period - Ryan Kesler wins face-off versus Jiri Tlusty in Predators zone.
5:25 of 2nd period - Snap shot by James Van Riemsdyk.
5:25 of 2nd period - Stopped by Jonathan Bernier with a rebound.
5:27 of 2nd period - Slapshot by Bobby Sanguinetti.
5:27 of 2nd period - Stopped by Jonathan Bernier without a rebound.
5:28 of 2nd period - Tomas Plekanec wins face-off versus Mikael Granlund in Canadiens zone.
5:33 of 2nd period - John Moore is hit by Devin Setoguchi and loses puck.
5:38 of 2nd period - Snap shot by Tomas Plekanec.
5:38 of 2nd period - Stopped by Viktor Fasth with a rebound.
5:40 of 2nd period - Slapshot by Wade Redden.
5:40 of 2nd period - Shot Misses the Net.
5:42 of 2nd period - Wrist shot by Patrick Sharp.
5:42 of 2nd period - Shot Misses the Net.
5:52 of 2nd period - Jay McKee is hit by James Van Riemsdyk and loses puck.
6:11 of 2nd period - Andrei Loktionov is hit by Byron Bitz and loses puck.
6:56 of 2nd period - Niclas Bergfors is hit by Dustin Boyd and loses puck.
7:04 of 2nd period - Off-side.
7:05 of 2nd period - Andy Miele wins face-off versus Martin Hanzal in neutral zone.
7:20 of 2nd period - Snap shot by Chris Lawrence.
7:20 of 2nd period - Shot Misses the Net.
7:28 of 2nd period - Minor Penalty to Brett Clark for Slashing.
7:29 of 2nd period - Ryan Kesler wins face-off versus Tomas Plekanec in Predators zone.
7:29 of 2nd period - Ryan Kesler is hit by Patrick Sharp.
7:36 of 2nd period - Off-side.
7:37 of 2nd period - Ryan Kesler wins face-off versus Tomas Plekanec in neutral zone.
7:53 of 2nd period - Off-side.
7:54 of 2nd period - Andrei Loktionov wins face-off versus Ryan Kesler in neutral zone.
8:38 of 2nd period - Backhand shot by Greg Stewart.
8:38 of 2nd period - Stopped by Viktor Fasth without a rebound.
8:39 of 2nd period - Ryan Kesler wins face-off versus Patrick Sharp in Predators zone.
8:56 of 2nd period - Minor Penalty to Jay McKee for Interference.
8:57 of 2nd period - Alexander Ovechkin wins face-off versus Devin Setoguchi in Canadiens zone.
9:28 of 2nd period - Penalty to Brett Clark is over, Brett Clark is back on ice.
10:37 of 2nd period - Snap shot by Ryan Kesler.
10:37 of 2nd period - Stopped by Jonathan Bernier with a rebound.
10:56 of 2nd period - Penalty to Jay McKee is over, Jay McKee is back on ice.
11:07 of 2nd period - Slapshot by Ryan Kesler.
11:07 of 2nd period - Shot Misses the Net.
11:15 of 2nd period - Wrist shot by Ryan Kesler.
11:15 of 2nd period - Stopped by Jonathan Bernier with a rebound.
11:21 of 2nd period - Snap shot by Byron Bitz.
11:21 of 2nd period - Shot Misses the Net.
11:23 of 2nd period - Snap shot by Alexander Steen.
11:23 of 2nd period - Shot Misses the Net.
11:25 of 2nd period - Snap shot by Ryan Kesler.
11:25 of 2nd period - Shot Misses the Net.
11:27 of 2nd period - Slapshot by Ryan Kesler.
11:27 of 2nd period - Shot Blocked by Jay McKee.
11:29 of 2nd period - Wrist shot by Ryan Kesler.
11:29 of 2nd period - Stopped by Jonathan Bernier without a rebound.
11:30 of 2nd period - Andy Miele wins face-off versus Martin Hanzal in Canadiens zone.
11:55 of 2nd period - Torey Krug is hit by David Jones and loses puck.
12:15 of 2nd period - Brett Clark is hit by Martin Hanzal.
12:19 of 2nd period - Ladislav Smid is hit by Kris Vernarsky and loses puck.
12:26 of 2nd period - Snap shot by Blake Geoffrion.
12:26 of 2nd period - Shot Misses the Net.
12:42 of 2nd period - Snap shot by James Van Riemsdyk.
12:42 of 2nd period - Stopped by Jonathan Bernier with a rebound.
13:17 of 2nd period - Niclas Bergfors is hit by Ladislav Smid and loses puck.
14:46 of 2nd period - Off-side.
14:47 of 2nd period - Kris Vernarsky wins face-off versus Dustin Boyd in neutral zone.
14:56 of 2nd period - Brett Maclean is hit by Kris Vernarsky and loses puck.
15:07 of 2nd period - Alexander Ovechkin is hit by Greg Stewart and loses puck.
15:31 of 2nd period - Wrist shot by Torey Krug.
15:31 of 2nd period - Shot Misses the Net.
15:41 of 2nd period - Evgeny Dadonov is hit by Brett Clark.
16:21 of 2nd period - Jay McKee is hit by Alexander Ovechkin and loses puck.
16:26 of 2nd period - Snap shot by Byron Bitz.
16:26 of 2nd period - Stopped by Jonathan Bernier with a rebound.
16:28 of 2nd period - Snap shot by Ryan Kesler.
16:28 of 2nd period - Stopped by Jonathan Bernier with a rebound.
16:51 of 2nd period - Slapshot by Dustin Boyd.
16:51 of 2nd period - Shot Misses the Net.
17:01 of 2nd period - Greg Stewart is hit by Niclas Bergfors and loses puck.
17:42 of 2nd period - Martin Hanzal is hit by Ryan Kesler and loses puck.
17:53 of 2nd period - Slapshot by Alexander Ovechkin.
17:53 of 2nd period - Stopped by Jonathan Bernier without a rebound.
17:54 of 2nd period - Ryan Kesler wins face-off versus Dustin Boyd in Canadiens zone.
17:57 of 2nd period - Slapshot by Alexander Ovechkin.
17:57 of 2nd period - Shot Misses the Net.
17:59 of 2nd period - Slapshot by Bobby Sanguinetti.
17:59 of 2nd period - Shot Blocked by Wade Redden.
18:34 of 2nd period - Minor Penalty to Wade Redden for Tripping.
18:35 of 2nd period - Ryan Kesler wins face-off versus Patrick Sharp in Canadiens zone.
18:42 of 2nd period - Snap shot by Byron Bitz.
18:42 of 2nd period - Shot Misses the Net.
18:44 of 2nd period - Snap shot by Ryan Kesler.
18:44 of 2nd period - Stopped by Jonathan Bernier with a rebound.
18:46 of 2nd period - Slapshot by Christian Ehrhoff.
18:46 of 2nd period - Shot Misses the Net.
18:48 of 2nd period - Slapshot by Ryan Kesler.
18:48 of 2nd period - Stopped by Jonathan Bernier without a rebound.
18:49 of 2nd period - Ryan Kesler wins face-off versus Patrick Sharp in Canadiens zone.
Goals for this period are 0 for Canadiens vs 0 for Predators.
Shots for this period are 5 for Canadiens vs 12 for Predators.
3rd period
0:01 of 3rd period - Ryan Kesler wins face-off versus Patrick Sharp in neutral zone.
0:34 of 3rd period - Penalty to Wade Redden is over, Wade Redden is back on ice.
0:46 of 3rd period - Snap shot by Ladislav Smid.
0:46 of 3rd period - Shot Blocked by Alexander Edler.
0:48 of 3rd period - Slapshot by Dennis Wideman.
0:48 of 3rd period - Deflect By Alexander Edler.
0:48 of 3rd period - Stopped by Viktor Fasth without a rebound.
0:49 of 3rd period - Dustin Boyd wins face-off versus Andy Miele in Predators zone.
1:02 of 3rd period - Slapshot by Wade Redden.
1:02 of 3rd period - Deflect By James Van Riemsdyk.
1:02 of 3rd period - Goal by Wade Redden - Canadiens : 1 - Predators : 1.
1:03 of 3rd period - Ryan Kesler wins face-off versus Patrick Sharp in neutral zone.
1:28 of 3rd period - Greg Stewart is hit by Ryan Mcdonagh and loses puck.
1:55 of 3rd period - Slapshot by Ladislav Smid.
1:55 of 3rd period - Shot Blocked by Andy Miele.
2:13 of 3rd period - Slapshot by Dustin Boyd.
2:13 of 3rd period - Shot Misses the Net.
2:15 of 3rd period - Slapshot by Dustin Boyd.
2:15 of 3rd period - Stopped by Viktor Fasth with a rebound.
2:17 of 3rd period - Snap shot by Brett Maclean.
2:17 of 3rd period - Shot Blocked by Brett Clark.
2:19 of 3rd period - Wrist shot by Dustin Boyd.
2:19 of 3rd period - Shot Misses the Net.
2:21 of 3rd period - Snap shot by Jiri Tlusty.
2:21 of 3rd period - Stopped by Viktor Fasth without a rebound.
2:22 of 3rd period - Mikael Granlund wins face-off versus Andrei Loktionov in Predators zone.
2:33 of 3rd period - Backhand shot by Andrei Loktionov.
2:33 of 3rd period - Shot Misses the Net.
3:28 of 3rd period - Wrist shot by Greg Stewart.
3:28 of 3rd period - Goal by Greg Stewart - Canadiens : 2 - Predators : 1.
3:29 of 3rd period - Ryan Kesler wins face-off versus Tomas Plekanec in neutral zone.
3:38 of 3rd period - Snap shot by Alexander Ovechkin.
3:38 of 3rd period - Stopped by Jonathan Bernier with a rebound.
3:40 of 3rd period - Snap shot by Christian Ehrhoff.
3:40 of 3rd period - Shot Blocked by Ladislav Smid.
3:42 of 3rd period - Wrist shot by Byron Bitz.
3:42 of 3rd period - Goal by Byron Bitz - Canadiens : 2 - Predators : 2.
3:43 of 3rd period - Tomas Plekanec wins face-off versus Ryan Kesler in neutral zone.
4:17 of 3rd period - Wrist shot by James Van Riemsdyk.
4:17 of 3rd period - Stopped by Jonathan Bernier without a rebound.
4:18 of 3rd period - Ryan Kesler wins face-off versus Andrei Loktionov in Canadiens zone.
4:31 of 3rd period - Slapshot by Andrei Loktionov.
4:31 of 3rd period - Shot Blocked by Christian Ehrhoff.
4:53 of 3rd period - Slapshot by Brett Maclean.
4:53 of 3rd period - Stopped by Viktor Fasth with a rebound.
5:03 of 3rd period - Wrist shot by Tomas Plekanec.
5:03 of 3rd period - Shot Misses the Net.
5:21 of 3rd period - Wrist shot by Niclas Bergfors.
5:21 of 3rd period - Deflect By Alexander Steen.
5:21 of 3rd period - Shot Misses the Net.
5:21 of 3rd period - Puck is out of play.
5:22 of 3rd period - Andrei Loktionov wins face-off versus Ryan Kesler in Canadiens zone.
5:35 of 3rd period - Snap shot by Andrei Loktionov.
5:35 of 3rd period - Stopped by Viktor Fasth without a rebound.
5:36 of 3rd period - Ryan Kesler wins face-off versus Devin Setoguchi in Predators zone.
5:45 of 3rd period - Snap shot by Ryan Kesler.
5:45 of 3rd period - Deflect By Alexander Ovechkin.
5:45 of 3rd period - Shot Misses the Net.
5:45 of 3rd period - Puck is out of play.
5:46 of 3rd period - Ryan Kesler wins face-off versus Tomas Plekanec in Canadiens zone.
5:56 of 3rd period - Icing by Patrick Sharp.
5:57 of 3rd period - Tomas Plekanec wins face-off versus Ryan Kesler in Canadiens zone.
6:09 of 3rd period - Snap shot by Byron Bitz.
6:09 of 3rd period - Deflect By Alexander Ovechkin.
6:09 of 3rd period - Shot Misses the Net.
6:09 of 3rd period - Puck is out of play.
6:10 of 3rd period - Tomas Plekanec wins face-off versus Ryan Kesler in Canadiens zone.
6:10 of 3rd period - Tomas Plekanec is hit by Alexander Edler.
7:20 of 3rd period - Snap shot by David Jones.
7:20 of 3rd period - Stopped by Jonathan Bernier with a rebound.
7:38 of 3rd period - Wrist shot by Ryan Kesler.
7:38 of 3rd period - Stopped by Jonathan Bernier with a rebound.
7:40 of 3rd period - Slapshot by Ryan Mcdonagh.
7:40 of 3rd period - Shot Blocked by Dennis Wideman.
7:58 of 3rd period - Wrist shot by Greg Stewart.
7:58 of 3rd period - Shot Blocked by John Moore.
8:00 of 3rd period - Slapshot by Ladislav Smid.
8:00 of 3rd period - Stopped by Viktor Fasth without a rebound.
8:01 of 3rd period - Tomas Plekanec wins face-off versus Mikael Granlund in Predators zone.
8:04 of 3rd period - Wrist shot by Tomas Plekanec.
8:04 of 3rd period - Shot Blocked by Ryan Mcdonagh.
8:06 of 3rd period - Slapshot by Wade Redden.
8:06 of 3rd period - Stopped by Viktor Fasth without a rebound.
8:07 of 3rd period - Patrick Sharp wins face-off versus Mikael Granlund in Predators zone.
8:14 of 3rd period - Snap shot by Devin Setoguchi.
8:14 of 3rd period - Shot Blocked by Alexander Edler.
8:16 of 3rd period - Slapshot by Patrick Sharp.
8:16 of 3rd period - Shot Misses the Net.
8:18 of 3rd period - Wrist shot by Patrick Sharp.
8:18 of 3rd period - Stopped by Viktor Fasth with a rebound.
8:20 of 3rd period - Wrist shot by Devin Setoguchi.
8:20 of 3rd period - Shot Blocked by Alexander Edler.
8:22 of 3rd period - Slapshot by Jay McKee.
8:22 of 3rd period - Shot Blocked by Alexander Steen.
8:36 of 3rd period - Jonas Hoglund is hit by Ryan Mcdonagh and loses puck.
9:02 of 3rd period - Jay McKee is hit by Chris Lawrence and loses puck.
9:21 of 3rd period - Snap shot by Tomas Plekanec.
9:21 of 3rd period - Stopped by Viktor Fasth without a rebound.
9:22 of 3rd period - Ryan Kesler wins face-off versus Tomas Plekanec in Predators zone.
9:44 of 3rd period - Icing by Patrick Sharp.
9:45 of 3rd period - Andrei Loktionov wins face-off versus Mikael Granlund in Canadiens zone.
9:50 of 3rd period - Snap shot by Andrei Loktionov.
9:50 of 3rd period - Stopped by Viktor Fasth with a rebound.
10:57 of 3rd period - Wrist shot by Alexander Steen.
10:57 of 3rd period - Stopped by Jonathan Bernier with a rebound.
10:59 of 3rd period - Snap shot by Alexander Steen.
10:59 of 3rd period - Shot Blocked by Torey Krug.
11:07 of 3rd period - Wrist shot by Alexander Steen.
11:07 of 3rd period - Stopped by Jonathan Bernier with a rebound.
11:09 of 3rd period - Wrist shot by Alexander Steen.
11:09 of 3rd period - Shot Misses the Net.
11:37 of 3rd period - Snap shot by Alexander Steen.
11:37 of 3rd period - Deflect By Mikael Granlund.
11:37 of 3rd period - Stopped by Jonathan Bernier without a rebound.
11:38 of 3rd period - Ryan Kesler wins face-off versus Tomas Plekanec in Canadiens zone.
11:38 of 3rd period - Major Penalty to Byron Bitz for Boarding.
11:39 of 3rd period - Tomas Plekanec wins face-off versus Ryan Kesler in Predators zone.
11:44 of 3rd period - Slapshot by Tomas Plekanec.
11:44 of 3rd period - Deflect By Patrick Sharp.
11:44 of 3rd period - Stopped by Viktor Fasth without a rebound.
11:45 of 3rd period - Tomas Plekanec wins face-off versus Ryan Kesler in Predators zone.
11:48 of 3rd period - Slapshot by Devin Setoguchi.
11:48 of 3rd period - Shot Misses the Net.
11:50 of 3rd period - Snap shot by Devin Setoguchi.
11:50 of 3rd period - Stopped by Viktor Fasth with a rebound.
12:12 of 3rd period - Snap shot by Patrick Sharp.
12:12 of 3rd period - Shot Misses the Net.
12:14 of 3rd period - Backhand shot by Ladislav Smid.
12:14 of 3rd period - Deflect By Tomas Plekanec.
12:14 of 3rd period - Shot Misses the Net.
12:14 of 3rd period - Puck is out of play.
12:15 of 3rd period - Tomas Plekanec wins face-off versus Ryan Kesler in Predators zone.
13:47 of 3rd period - Ryan Kesler is hit by Evgeny Dadonov.
14:37 of 3rd period - Ryan Mcdonagh is hit by Jay McKee and loses puck.
16:38 of 3rd period - Penalty to Byron Bitz is over, Byron Bitz is back on ice.
17:36 of 3rd period - Jiri Tlusty is hit by Niclas Bergfors and loses puck.
Goals for this period are 2 for Canadiens vs 1 for Predators.
Shots for this period are 14 for Canadiens vs 8 for Predators.
Overtime #1
0:01 of 1st overtime period - Patrick Sharp wins face-off versus Alexander Ovechkin in neutral zone.
0:52 of 1st overtime period - Slapshot by Byron Bitz.
0:52 of 1st overtime period - Shot Blocked by Jay McKee.
1:20 of 1st overtime period - Off-side.
1:21 of 1st overtime period - Devin Setoguchi wins face-off versus Alexander Ovechkin in neutral zone.
1:24 of 1st overtime period - John Moore is hit by Patrick Sharp and loses puck.
1:59 of 1st overtime period - John Moore is hit by David Desharnais and loses puck.
2:26 of 1st overtime period - Niclas Bergfors is hit by Greg Stewart and loses puck.
2:51 of 1st overtime period - Wrist shot by Alexander Steen.
2:51 of 1st overtime period - Shot Blocked by Patrick Sharp.
3:11 of 1st overtime period - Bobby Sanguinetti is hit by Dustin Boyd and loses puck.
3:32 of 1st overtime period - Mikael Granlund is hit by Wade Redden and loses puck.
3:53 of 1st overtime period - Dennis Wideman is hit by Alexander Edler and loses puck.
3:59 of 1st overtime period - Icing by David Desharnais.
4:00 of 1st overtime period - Alexander Ovechkin wins face-off versus Patrick Sharp in Canadiens zone.
4:29 of 1st overtime period - Wade Redden is hit by Ryan Mcdonagh and loses puck.
Goals for this period are 0 for Canadiens vs 0 for Predators.
Shots for this period are 0 for Canadiens vs 0 for Predators.
ShootOut
5:00 of 1st overtime period - Penalty Shot by Patrick Sharp for Canadiens.
5:00 of 1st overtime period - Snap shot by Patrick Sharp.
5:00 of 1st overtime period - Shot Misses the Net.
5:00 of 1st overtime period - Penalty Shot by Alexander Ovechkin for Predators.
5:00 of 1st overtime period - Wrist shot by Alexander Ovechkin.
5:00 of 1st overtime period - Shot Misses the Net.
5:00 of 1st overtime period - Penalty Shot by Devin Setoguchi for Canadiens.
5:00 of 1st overtime period - Deke by Devin Setoguchi.
5:00 of 1st overtime period - Goal by Devin Setoguchi.
5:00 of 1st overtime period - Penalty Shot by Niclas Bergfors for Predators.
5:00 of 1st overtime period - Deke by Niclas Bergfors.
5:00 of 1st overtime period - Stopped by Jonathan Bernier.
5:00 of 1st overtime period - Penalty Shot by Greg Stewart for Canadiens.
5:00 of 1st overtime period - Deke by Greg Stewart.
5:00 of 1st overtime period - Shot Misses the Net.
5:00 of 1st overtime period - Penalty Shot by Ryan Kesler for Predators.
5:00 of 1st overtime period - Wrist shot by Ryan Kesler.
5:00 of 1st overtime period - Shot Misses the Net.
Back to the Top